 Dungeon Crawl Stone Soup version 0.28.0-53-g5a82cb258f (webtiles) character file.

Game seed: 5106724694151146179

189 quokkamancerX the Slasher (level 6, -1/47 HPs)
             Began as a Human Berserker on June 28, 2022.
             Was a Follower of Trog.
             Slain by a phantom (3 damage)
             ... on level 4 of the Dungeon.
             The game lasted 00:08:37 (4042 turns).

quokkamancerX the Slasher (Human Berserker)         Turns: 4042, Time: 00:08:37

Health: -1/47      AC:  8    Str: 19    XL:     6   Next: 0%
Magic:  6/6        EV:  8    Int:  8    God:    Trog [*.....]
Gold:   202        SH:  6    Dex: 12    Spells: 5/5 levels left

rFire   . . .      SeeInvis .   a - +0 falchion
rCold   . . .      Faith    .   o - +0 kite shield
rNeg    . . .      Spirit   .   d - +0 scale mail
rPois   .          Reflect  .   (no helmet)
rElec   .          Harm     .   (no cloak)
rCorr   .          Rampage  .   c - +0 pair of gloves
Will    .....                   m - +0 pair of boots
Stlth   ..........              (no amulet)
HPRegen 0.15/turn               (no ring)
MPRegen 0.10/turn               (no ring)

@: on berserk cooldown, slowed, very slow
A: no striking features
a: Renounce Religion, Berserk


You were on level 4 of the Dungeon.
You worshipped Trog.
Trog was aware of your devotion.
You visited 1 branch of the dungeon, and saw 4 of its levels.

You collected 202 gold pieces.

Inventory:

Hand Weapons
 a - a +0 falchion (weapon)
Missiles
 e - a throwing net (quivered)
 f - 21 sling bullets
 r - 5 boomerangs
Armour
 c - a +0 pair of gloves (worn)
 d - a +0 scale mail (worn)
 m - a +0 pair of boots (worn)
 o - a +0 kite shield (worn)
Jewellery
 g - a ring of magical power
 l - an amulet of magic regeneration
Scrolls
 h - a scroll of summoning
 i - a scroll of identify
 j - 2 scrolls of fog {unknown}
 k - a scroll of enchant weapon {unknown}
 n - 2 scrolls of teleportation
 p - a scroll of immolation {unknown}
Potions
 b - a potion of magic {unknown}
 q - a potion of mutation {unknown}


   Skills:
 - Level 3.0 Fighting
 + Level 6.2 Long Blades
 - Level 2.0 Armour
 - Level 2.0 Dodging


You had 5 spell levels left.
You didn't know any spells.
Your spell library was empty.

Dungeon Overview and Level Annotations

Branches:
Dungeon (4/15)             Temple (0/1) D:4

Altars:
Ashenzari
Nemelex Xobeh


Message History

You are exhausted.
You feel yourself slow down. The phantom barely misses you.
You closely miss the phantom.
The phantom is severely damaged.
The phantom hits you.
The phantom blinks!
You blink.
You block the phantom's attack.
You barely miss the phantom.
The phantom is severely damaged.
The phantom hits you.
The ufetubus hits you but does no damage.
The ufetubus hits you.
* * * LOW HITPOINT WARNING * * *
You block the phantom's attack.
You hit the phantom.
The phantom is almost destroyed.
The ufetubus hits you but does no damage.
You block the ufetubus's attack.
The ufetubus hits you but does no damage. x2
The phantom hits you.
* * * LOW HITPOINT WARNING * * *
The ufetubus hits you but does no damage.
The ufetubus hits you.
* * * LOW HITPOINT WARNING * * *
You can no longer call upon Trog for regeneration and willpower.
The phantom barely misses you. The ufetubus closely misses you. x2
You block the phantom's attack. You block the ufetubus's attack.
The ufetubus barely misses you.
The phantom hits you but does no damage.
The ufetubus hits you.
* * * LOW HITPOINT WARNING * * *
The ufetubus completely misses you. The phantom hits you.
* * * LOW HITPOINT WARNING * * *
The phantom blinks!
You blink.
The phantom hits you.
* * * LOW HITPOINT WARNING * * *
The phantom blinks!
You blink.
You barely miss the phantom.
The phantom is severely damaged.
The phantom hits you.
You die...

.........#.....'..#
#.#
⌠..>..⌠..#.....##.#
#.#
........##........#
#.#
##...####.......#.#
####.# #.⌠.#
#.w.....#.# #....#
##...####.......#.#
#.####
...#....#§...5..#.#
#.#
...#.........#§.#.#
#.#
...###.....#.#..@.###
#.#
...###.....#...).W..#
#.#######
...........#.....>..#
#.......#
...........'........#
#######.#
...........##.......#
##...##.#
............'.......#
##⌠.⌠....#
..........###.......#
#.._..####
..........#
##..########.⌠.⌠##
...###.##.# #..#
#........##


You could see a phantom, a worm and an ufetubus.

Vanquished Creatures
  A water moccasin skeleton (D:4)
  A centaur skeleton (D:4)
  6 adders
  An adder skeleton (D:4)
  A worm (D:2)
  A dart slug (D:2)
  An orc (D:4)
  2 endoplasms
  2 giant cockroaches
  7 goblins
  2 hobgoblins
  3 jackals (D:1)
  6 kobolds
  A quokka (D:1)
  7 ball pythons
  4 bats
  4 rats
50 creatures vanquished.

Notes
Turn   | Place    | Note
-------+----------+-------------------------------------------
     0 | D:1      | quokkamancerX the Human Berserker began the quest for the
                  | Orb.
     0 | D:1      | Reached XP level 1. HP: 18/18 MP: 1/1
   226 | D:1      | Found a faded altar of an unknown god.
   247 | D:1      | Reached XP level 2. HP: 18/24 MP: 2/2
   939 | D:1      | Reached skill level 4 in Long Blades
   939 | D:1      | Reached XP level 3. HP: 24/29 MP: 3/3
  1635 | D:2      | Reached XP level 4. HP: 27/35 MP: 4/4
  2535 | D:3      | Reached skill level 5 in Long Blades
  2931 | D:3      | Found a broken altar of Ashenzari.
  3285 | D:4      | Found a sparkling altar of Nemelex Xobeh.
  3548 | D:4      | Found a staircase to the Ecumenical Temple.
  3611 | D:4      | Reached XP level 5. HP: 34/41 MP: 5/5
  3707 | D:4      | Reached ** piety under Trog
  3898 | D:4      | Reached skill level 6 in Long Blades
  3928 | D:4      | Reached XP level 6. HP: 46/47 MP: 6/6
  4041 | D:4      | HP: 2/47 [phantom (2)]
  4042 | D:4      | Slain by a phantom

Illustrated notes

Levels and vault maps discovered:
D:1:      minmay_arrival_four_houses, layout_basic,
          shapermc_ecumenical_altar_flowoftime, minmay_stone_trees_small
D:2:      wad_pebble_path, layout_basic, minivault_27
D:3:      layout_basic, nicolae_ashenzari_skybound
D:4:      layout_basic, nemelex_xobeh_ov_fountains_minmay,
          minmay_temple_entry_junction

Skill      XL: |  1  2  3  4  5 |
---------------+----------------+-----
Long Blades    | 4 5 6 |  6.2
Fighting       | |  3.0
Armour         | |  2.0
Dodging        | |  2.0

Action                   |  1- 3 |  4- 6 || total
-------------------------+-------+-------++-------
Melee: Falchion          |    83 |   151 ||   234
Invok: Berserk           |     2 |     1 ||     3
  Use: Scroll            |       |     3 ||     3
Armor: Scale mail        |    33 |    96 ||   129
       Animal skin       |     1 |       ||     1
Dodge: Dodged            |    38 |    74 ||   112
Block: Kite shield       |     2 |    68 ||    70
